Ducks vs Oilers

Created - 27 octobre 2017 at 12:51

Goals
1 2 3 T
Ducks 2 0 0 2
Oilers 0 1 0 1
Shots
1 2 3 T
Ducks 17 9 7 33
Oilers 11 5 12 28

1st period

1. Ducks , Milan Lucic 3 (Jonathan Ericsson 3, Jordan Staal 5) at 4:26
2. Ducks , David Krejci 2 (Jean-Gabriel Pageau 3) at 17:02

Penalties :
No Penalty

2nd period

3. Oilers , Corey Perry 3 (Sonny Milano 3, Seth Jones 6) at 5:31

Penalties :
Corey Perry (EDM) for Tripping (Minor) at 7:58, Phillip Danault (ANA) for Roughing (Minor) at 10:07, Marco Scandella (EDM) for Roughing (Minor) at 19:57

3rd period

No Goal

Penalties :
Zbynek Michalek (EDM) for High sticking (Double Minor) at 5:31

Goalie Stats

Cam Ward (ANA), 27 saves from 28 shots - (0,964), W, 6-2-0, 60:00 minutes
Thomas Greiss (EDM), 31 saves from 33 shots - (0,939), L, 4-1-2, 59:30 minutes

Players Stats for Ducks

Player Name              G  A  P  +/- PIM S  H  SB GA TA FO     MP     PP MP  PK MP  
------------------------------------------------------------------------------------
Cody McLeod              0  0  0  -1  0   0  1  1  0  0  0/1     9:28   0:51   0:15 
Connor Carrick           0  0  0   1  0   0  2  0  0  3  0/0    15:36   0:20   0:00 
Craig Smith              0  0  0   0  0   2  0  0  0  0  0/1    12:30   0:00   0:39 
David Krejci             1  0  1   1  0   5  2  1  3  0  6/13   17:13   2:58   0:33 
Deryk Engelland          0  0  0   0  0   1  3  0  0  0  0/0    22:49   2:59   0:52 
Jack Johnson             0  0  0   0  0   1  0  1  0  2  0/0    23:14   4:38   1:07 
Jean-Gabriel Pageau      0  1  1   1  0   1  2  1  1  0  3/3    17:38   2:58   1:02 
Jonathan Ericsson        0  1  1   1  0   0  0  1  0  0  0/0     3:26   0:00   0:00 
Jordan Staal             0  1  1   1  0   3  4  0  2  1  17/29  21:25   4:08   0:00 
Milan Lucic              1  0  1   1  0   8  3  0  1  0  1/1    21:25   4:08   0:00 
Nick Leddy               0  0  0   0  0   0  1  3  2  0  0/0    23:58   2:59   0:52 
Patrik Laine             0  0  0   1  0   6  1  0  1  0  0/2    22:11   4:08   0:00 
Phillip Danault          0  0  0   1  2   2  1  1  0  1  2/2    15:37   0:51   0:00 
Rasmus Ristolainen       0  0  0   0  0   2  2  0  0  0  0/0    29:04   4:58   1:07 
Riley Nash               0  0  0   0  0   1  0  0  1  0  2/6    12:52   0:51   0:00 
Tom Wilson               0  0  0   0  0   1  3  1  1  0  0/0    14:51   2:58   0:54 
Tommy Wingels            0  0  0  -1  0   0  2  0  0  0  0/0     7:39   0:00   0:35 
Trevor Lewis             0  0  0  -1  0   0  2  1  0  0  1/2     7:04   0:00   0:00 

Players Stats for Oilers

Player Name              G  A  P  +/- PIM S  H  SB GA TA FO     MP     PP MP  PK MP  
------------------------------------------------------------------------------------
Aaron Ekblad             0  0  0  -1  0   0  2  2  0  2  0/0    23:24   0:50   4:53 
Cameron Gaunce           0  0  0   0  0   0  2  0  0  2  0/0    13:27   0:00   0:50 
Chris Kelly              0  0  0   0  0   2  0  0  0  0  3/5     8:36   0:00   0:24 
Chris Porter             0  0  0   0  0   1  0  1  0  0  0/0     6:50   0:00   0:00 
Corey Perry              1  0  1   0  2   5  0  0  1  1  0/1    18:14   1:06   1:25 
Jordan Eberle            0  0  0  -1  0   1  2  0  0  0  0/0    16:46   0:53   2:00 
Justin Abdelkader        0  0  0   0  0   2  2  1  0  0  0/2    17:15   1:06   1:15 
Kyle Quincey             0  0  0  -1  0   1  0  2  0  0  0/0    20:16   1:09   2:52 
Marco Scandella          0  0  0  -1  2   4  1  1  1  1  0/0    19:38   1:09   2:14 
Mikael Backlund          0  0  0  -1  0   1  0  1  0  0  1/8    19:09   0:53   4:20 
Pierre-Alexandre Parente 0  0  0  -1  0   0  0  0  0  0  0/1    14:48   0:53   0:00 
Ryan Johansen            0  0  0   0  0   3  1  1  2  0  18/32  25:55   0:55   4:34 
Seth Jones               0  1  1   0  0   4  0  1  1  2  0/0    26:55   0:50   4:53 
Sonny Milano             0  1  1   0  0   2  2  0  1  1  0/0    13:17   0:00   0:00 
Tyler Motte              0  0  0   0  0   2  1  1  1  1  2/3    16:22   0:00   1:56 
Vernon Fiddler           0  0  0   0  0   0  0  0  0  1  4/8    14:41   0:11   0:00 
Vince Dunn               0  0  0   1  0   0  0  0  0  1  0/0     3:51   0:00   0:12 
Zbynek Michalek          0  0  0   0  4   0  0  2  0  0  0/0    12:36   0:00   0:00 

3 Stars

1 - Cam Ward (ANA)
2 - Milan Lucic (ANA)
3 - David Krejci (ANA)

Power Play

Ducks - 0 on 4 Attempt(s) - 0,00%
Oilers - 0 on 1 Attempt(s) - 0,00%

Penalty Kill

Ducks - 1 on 1 Attempt(s) - 100,00% - Score 0 goal in Penalty Kill
Oilers - 4 on 4 Attempt(s) - 100,00% - Score 0 goal in Penalty Kill

Team Stat

Ducks - Hits : 29 - Faceoff Wins : 32 - Blocked Shots : 11 - Penalty Minutes : 2
Oilers - Hits : 13 - Faceoff Wins : 28 - Blocked Shots : 13 - Penalty Minutes : 8

Official

Referees : Dave Jackson and Dean Morton
Linesman : Andy McElman and Brandon Gawryletz

Game Notes

Jonathan Ericsson is injured at 15:02 of 1st period (Sprained Right Knee)

Finance

Level 1 -- Attendance: 4195 (69,92%) -- Ticket Income 440 475 $
Level 2 -- Attendance: 3792 (75,84%) -- Ticket Income 246 480 $
Level 3 -- Attendance: 2000 (100,00%) -- Ticket Income 76 000 $
Level 4 -- Attendance: 3540 (88,50%) -- Ticket Income 81 420 $
Luxury Box -- Attendance: 957 (95,70%) -- Ticket Income 181 830 $
Game was played at the Edmonton Coliseum.
Total Attendance: 14484 (80,47%)
Total Ticket Income: 1 026 205 $
Other Income: 502 840 $
Total Income: 1 529 045 $

Ducks

5 vs 5 Forward 
   Center                   Left Wing                Right Wing               Time % Phy DF OF 
 1 Jordan Staal             Milan Lucic              Patrik Laine             40     1   2  2  
 2 David Krejci             Phillip Danault          Jean-Gabriel Pageau      30     1   2  2  
 3 Riley Nash               Craig Smith              Tom Wilson               20     1   2  2  
 4 Trevor Lewis             Tommy Wingels            Cody McLeod              10     1   2  2  

5 vs 5 Defense 
   Defense                  Defense                                           Time % Phy DF OF 
 1 Rasmus Ristolainen       Nick Leddy                                        40     1   2  2  
 2 Jack Johnson             Deryk Engelland                                   30     1   2  2  
 3 Jonathan Ericsson        Connor Carrick                                    20     1   2  2  
 4 Rasmus Ristolainen       Nick Leddy                                        10     1   2  2  

PowerPlay Forward 
   Center                   Left Wing                Right Wing               Time % Phy DF OF 
 1 Jordan Staal             Milan Lucic              Patrik Laine             60     1   2  2  
 2 David Krejci             Jean-Gabriel Pageau      Tom Wilson               40     1   2  2  

PowerPlay Defense
   Defense                  Defense                                           Time % Phy DF OF 
 1 Rasmus Ristolainen       Jack Johnson                                      60     1   2  2  
 2 Nick Leddy               Deryk Engelland                                   40     1   2  2  

Penalty Kill 4 Players Forward 
   Center                   Wing                     Time % Phy DF OF 
 1 Jean-Gabriel Pageau      Tom Wilson               60     1   2  2  
 2 Phillip Danault          Tommy Wingels            40     1   2  2  

Penalty Kill 4 Players Defense
   Defense                  Defense                  Time % Phy DF OF 
 1 Rasmus Ristolainen       Jack Johnson             60     1   2  2  
 2 Nick Leddy               Deryk Engelland          40     1   2  2  

Penalty Kill - 3 Players Forward 
   Forward                                           Time % Phy DF OF 
 1 Jean-Gabriel Pageau                               60     1   2  2  
 2 Phillip Danault                                   40     1   2  2  

Penalty Kill - 3 Players Defense
   Defense                  Defense                  Time % Phy DF OF 
 1 Rasmus Ristolainen       Jack Johnson             60     1   2  2  
 2 Nick Leddy               Deryk Engelland          40     1   2  2  

4 vs 4 Forward 
   Center                   Wing                     Time % Phy DF OF 
 1 Jordan Staal             David Krejci             60     1   2  2  
 2 Milan Lucic              Patrik Laine             40     1   2  2  

4 vs 4 Defense
   Defense                  Defense                  Time % Phy DF OF 
 1 Rasmus Ristolainen       Jack Johnson             60     1   2  2  
 2 Nick Leddy               Deryk Engelland          40     1   2  2  

Last Minutes Offensive
   Center                   Left Wing                Right Wing               Defense                  Defense                  
   Jordan Staal             Milan Lucic              Patrik Laine             Rasmus Ristolainen       Jack Johnson             

Last Minutes Defensive
   Center                   Left Wing                Right Wing               Defense                  Defense                  
   Jordan Staal             Milan Lucic              Patrik Laine             Rasmus Ristolainen       Jack Johnson             

Goaltenders
Starting : Cam Ward                 
Backup : Jacob Markstrom          

Extra Forwards
Normal : Phillip Danault, Riley Nash, Craig Smith - PP : Phillip Danault, Riley Nash - PK : Craig Smith
Extra Defensemen
Normal : Jonathan Ericsson, Connor Carrick, Nick Leddy - PP : Jonathan Ericsson - PK : Connor Carrick, Nick Leddy
Penalty Shots
Jordan Staal, David Krejci, Milan Lucic, Patrik Laine, Jean-Gabriel Pageau
Custom OT Lines Forwards
Jordan Staal, David Krejci, Milan Lucic, Patrik Laine, Jean-Gabriel Pageau, Phillip Danault, Tom Wilson, Riley Nash, Craig Smith, Trevor Lewis
Custom OT Lines Defensemen
Rasmus Ristolainen, Jack Johnson, Nick Leddy, Deryk Engelland, Jonathan Ericsson

Scratches
Andreas Englund (Healthy), Jordin Tootoo (Healthy)

Oilers

5 vs 5 Forward 
   Center                   Left Wing                Right Wing               Time % Phy DF OF 
 1 Ryan Johansen            Justin Abdelkader        Corey Perry              40     1   2  2  
 2 Mikael Backlund          Pierre-Alexandre ParenteaJordan Eberle            30     1   2  2  
 3 Vernon Fiddler           Tyler Motte              Sonny Milano             20     1   2  2  
 4 Chris Kelly              Chris Porter             Ryan Johansen            10     1   2  2  

5 vs 5 Defense 
   Defense                  Defense                                           Time % Phy DF OF 
 1 Seth Jones               Aaron Ekblad                                      40     1   2  2  
 2 Kyle Quincey             Marco Scandella                                   30     1   2  2  
 3 Zbynek Michalek          Cameron Gaunce                                    20     1   2  2  
 4 Vince Dunn               Seth Jones                                        10     1   2  2  

PowerPlay Forward 
   Center                   Left Wing                Right Wing               Time % Phy DF OF 
 1 Ryan Johansen            Justin Abdelkader        Corey Perry              60     1   2  2  
 2 Mikael Backlund          Pierre-Alexandre ParenteaJordan Eberle            40     1   2  2  

PowerPlay Defense
   Defense                  Defense                                           Time % Phy DF OF 
 1 Seth Jones               Aaron Ekblad                                      60     1   2  2  
 2 Kyle Quincey             Marco Scandella                                   40     1   2  2  

Penalty Kill 4 Players Forward 
   Center                   Wing                     Time % Phy DF OF 
 1 Ryan Johansen            Mikael Backlund          60     1   2  2  
 2 Corey Perry              Jordan Eberle            40     1   2  2  

Penalty Kill 4 Players Defense
   Defense                  Defense                  Time % Phy DF OF 
 1 Seth Jones               Aaron Ekblad             60     1   2  2  
 2 Kyle Quincey             Marco Scandella          40     1   2  2  

Penalty Kill - 3 Players Forward 
   Forward                                           Time % Phy DF OF 
 1 Ryan Johansen                                     60     1   2  2  
 2 Mikael Backlund                                   40     1   2  2  

Penalty Kill - 3 Players Defense
   Defense                  Defense                  Time % Phy DF OF 
 1 Seth Jones               Aaron Ekblad             60     1   2  2  
 2 Kyle Quincey             Marco Scandella          40     1   2  2  

4 vs 4 Forward 
   Center                   Wing                     Time % Phy DF OF 
 1 Ryan Johansen            Mikael Backlund          60     1   2  2  
 2 Corey Perry              Jordan Eberle            40     1   2  2  

4 vs 4 Defense
   Defense                  Defense                  Time % Phy DF OF 
 1 Seth Jones               Aaron Ekblad             60     1   2  2  
 2 Kyle Quincey             Marco Scandella          40     1   2  2  

Last Minutes Offensive
   Center                   Left Wing                Right Wing               Defense                  Defense                  
   Ryan Johansen            Justin Abdelkader        Corey Perry              Seth Jones               Aaron Ekblad             

Last Minutes Defensive
   Center                   Left Wing                Right Wing               Defense                  Defense                  
   Ryan Johansen            Justin Abdelkader        Corey Perry              Seth Jones               Aaron Ekblad             

Goaltenders
Starting : Thomas Greiss            
Backup : Antti Niemi              

Extra Forwards
Normal : Vernon Fiddler, Chris Kelly, Tyler Motte - PP : Vernon Fiddler, Chris Kelly - PK : Tyler Motte
Extra Defensemen
Normal : Zbynek Michalek, Cameron Gaunce, Vince Dunn - PP : Zbynek Michalek - PK : Cameron Gaunce, Vince Dunn
Penalty Shots
Ryan Johansen, Mikael Backlund, Corey Perry, Jordan Eberle, Justin Abdelkader
Custom OT Lines Forwards
Ryan Johansen, Mikael Backlund, Corey Perry, Jordan Eberle, Justin Abdelkader, Pierre-Alexandre Parenteau, Vernon Fiddler, Chris Kelly, Tyler Motte, Sonny Milano
Custom OT Lines Defensemen
Seth Jones, Aaron Ekblad, Kyle Quincey, Marco Scandella, Zbynek Michalek

Scratches
Jamie Devane (Healthy), Connor McDavid (Healthy), Henrik Samuelsson (Healthy), Philip McRae (Healthy), Marc-Edouard Vlasic (Healthy)
Yannick Veilleux (Healthy), Rod Pelley (Healthy), Anthony Camara (Healthy), Jason Akeson (Healthy), Zach Palmquist (Healthy)

% Time on Ice - Ducks

Lines # - Real PCT - Wanted PCT - Time Play
Normal Forward
1 - 36% - 40% - 17:31
2 - 28% - 30% - 13:38
3 - 22% - 20% - 10:52
4 - 14% - 10% - 7:04
Normal Defense
1 - 31% - 40% - 15:00
2 - 33% - 30% - 16:02
3 - 33% - 20% - 16:10
4 - 4% - 10% - 1:53
PP Forward
1 - 63% - 60% - 4:59
2 - 37% - 40% - 2:58
PP Defense
1 - 62% - 60% - 4:58
2 - 38% - 40% - 2:59
PK Forward
1 - 71% - 60% - 1:24
2 - 29% - 40% - 0:35
PK Defense
1 - 56% - 60% - 1:07
2 - 44% - 40% - 0:52
PK3 Forward
1 - 0% - 60%
2 - 0% - 40%
PK3 Defense
1 - 0% - 60%
2 - 0% - 40%
44 Forward
1 - 0% - 60%
2 - 0% - 40%
44 Defense
1 - 0% - 60%
2 - 0% - 40%
Last Minute Offensive  - 0:00
Last Minute Defensive  - 0:59
Total
Forward - 60:00
Defense - 60:00

% Time on Ice - Oilers

Lines # - Real PCT - Wanted PCT - Time Play
Normal Forward
1 - 31% - 40% - 15:05
2 - 28% - 30% - 13:53
3 - 27% - 20% - 13:17
4 - 14% - 10% - 6:50
Normal Defense
1 - 34% - 40% - 16:50
2 - 33% - 30% - 16:15
3 - 25% - 20% - 12:29
4 - 7% - 10% - 3:31
PP Forward
1 - 55% - 60% - 1:06
2 - 45% - 40% - 0:53
PP Defense
1 - 42% - 60% - 0:50
2 - 58% - 40% - 1:09
PK Forward
1 - 75% - 60% - 5:57
2 - 25% - 40% - 2:00
PK Defense
1 - 64% - 60% - 5:05
2 - 36% - 40% - 2:52
PK3 Forward
1 - 0% - 60%
2 - 0% - 40%
PK3 Defense
1 - 0% - 60%
2 - 0% - 40%
44 Forward
1 - 0% - 60%
2 - 0% - 40%
44 Defense
1 - 0% - 60%
2 - 0% - 40%
Last Minute Offensive  - 0:59
Last Minute Defensive  - 0:00
Total
Forward - 60:00
Defense - 60:00

Play by Play

1st period


0:01 of 1st period - Ryan Johansen wins face-off versus Patrik Laine in neutral zone.
0:26 of 1st period - Mikael Backlund is hit by Nick Leddy and loses puck.
1:29 of 1st period - Wrist shot by Ryan Johansen.
1:29 of 1st period - Stopped by Cam Ward without a rebound.
1:30 of 1st period - Jean-Gabriel Pageau wins face-off versus Ryan Johansen in Ducks zone.
1:32 of 1st period - Icing by David Krejci.
1:33 of 1st period - Mikael Backlund wins face-off versus David Krejci in Ducks zone.
1:47 of 1st period - Wrist shot by Jordan Eberle.
1:47 of 1st period - Stopped by Cam Ward with a rebound.
1:49 of 1st period - Slapshot by Kyle Quincey.
1:49 of 1st period - Stopped by Cam Ward without a rebound.
1:50 of 1st period - Ryan Johansen wins face-off versus Jordan Staal in Ducks zone.
2:31 of 1st period - Tom Wilson is hit by Cameron Gaunce and loses puck.
3:42 of 1st period - Slapshot by Seth Jones.
3:42 of 1st period - Stopped by Cam Ward without a rebound.
3:43 of 1st period - David Krejci wins face-off versus Mikael Backlund in Ducks zone.
3:48 of 1st period - Snap shot by David Krejci.
3:48 of 1st period - Stopped by Thomas Greiss with a rebound.
3:50 of 1st period - Snap shot by Rasmus Ristolainen.
3:50 of 1st period - Shot Blocked by Aaron Ekblad.
3:52 of 1st period - Wrist shot by Jean-Gabriel Pageau.
3:52 of 1st period - Shot Misses the Net.
4:10 of 1st period - Snap shot by David Krejci.
4:10 of 1st period - Shot Misses the Net.
4:12 of 1st period - Wrist shot by David Krejci.
4:12 of 1st period - Stopped by Thomas Greiss without a rebound.
4:13 of 1st period - Ryan Johansen wins face-off versus Jordan Staal in Oilers zone.
4:24 of 1st period - Backhand shot by Jordan Staal.
4:24 of 1st period - Stopped by Thomas Greiss with a rebound.
4:26 of 1st period - Slapshot by Jonathan Ericsson.
4:26 of 1st period - Deflect By Milan Lucic.
4:26 of 1st period - Goal by Milan Lucic - Ducks : 1 - Oilers : 0.
4:27 of 1st period - Ryan Johansen wins face-off versus Jordan Staal in neutral zone.
4:52 of 1st period - Vernon Fiddler is hit by Tom Wilson and loses puck.
5:19 of 1st period - Snap shot by Chris Kelly.
5:19 of 1st period - Shot Misses the Net.
5:21 of 1st period - Wrist shot by Chris Kelly.
5:21 of 1st period - Stopped by Cam Ward without a rebound.
5:22 of 1st period - Chris Kelly wins face-off versus Jordan Staal in Ducks zone.
5:39 of 1st period - Snap shot by Chris Kelly.
5:39 of 1st period - Shot Blocked by Nick Leddy.
5:41 of 1st period - Slapshot by Marco Scandella.
5:41 of 1st period - Stopped by Cam Ward without a rebound.
5:42 of 1st period - David Krejci wins face-off versus Mikael Backlund in Ducks zone.
5:53 of 1st period - Slapshot by David Krejci.
5:53 of 1st period - Stopped by Thomas Greiss with a rebound.
5:55 of 1st period - Snap shot by Rasmus Ristolainen.
5:55 of 1st period - Shot Blocked by Aaron Ekblad.
5:57 of 1st period - Snap shot by Phillip Danault.
5:57 of 1st period - Shot Misses the Net.
6:30 of 1st period - Snap shot by Sonny Milano.
6:30 of 1st period - Shot Blocked by Tom Wilson.
6:32 of 1st period - Slapshot by Cameron Gaunce.
6:32 of 1st period - Deflect By Sonny Milano.
6:32 of 1st period - Stopped by Cam Ward without a rebound.
6:33 of 1st period - Vernon Fiddler wins face-off versus David Krejci in Ducks zone.
6:34 of 1st period - Snap shot by Sonny Milano.
6:34 of 1st period - Shot Misses the Net.
7:11 of 1st period - Wrist shot by David Krejci.
7:11 of 1st period - Shot Misses the Net.
7:13 of 1st period - Slapshot by Deryk Engelland.
7:13 of 1st period - Stopped by Thomas Greiss without a rebound.
7:14 of 1st period - Jordan Staal wins face-off versus Ryan Johansen in Oilers zone.
7:19 of 1st period - Snap shot by Milan Lucic.
7:19 of 1st period - Stopped by Thomas Greiss without a rebound.
7:20 of 1st period - Milan Lucic wins face-off versus Ryan Johansen in Oilers zone.
7:30 of 1st period - Rasmus Ristolainen is hit by Justin Abdelkader and loses puck.
8:26 of 1st period - Kyle Quincey is hit by David Krejci.
9:06 of 1st period - Cameron Gaunce is hit by Deryk Engelland and loses puck.
9:15 of 1st period - Wrist shot by Craig Smith.
9:15 of 1st period - Shot Misses the Net.
9:45 of 1st period - Wrist shot by Jordan Staal.
9:45 of 1st period - Deflect By Tyler Motte.
9:45 of 1st period - Stopped by Thomas Greiss with a rebound.
9:47 of 1st period - Slapshot by Patrik Laine.
9:47 of 1st period - Stopped by Thomas Greiss with a rebound.
9:49 of 1st period - Snap shot by Patrik Laine.
9:49 of 1st period - Shot Blocked by Zbynek Michalek.
10:30 of 1st period - Jack Johnson is hit by Aaron Ekblad and loses puck.
10:59 of 1st period - Wrist shot by Milan Lucic.
10:59 of 1st period - Stopped by Thomas Greiss without a rebound.
11:00 of 1st period - Jordan Staal wins face-off versus Mikael Backlund in Oilers zone.
11:46 of 1st period - Wrist shot by Milan Lucic.
11:46 of 1st period - Stopped by Thomas Greiss without a rebound.
11:47 of 1st period - David Krejci wins face-off versus Ryan Johansen in Oilers zone.
11:48 of 1st period - Slapshot by Jean-Gabriel Pageau.
11:48 of 1st period - Stopped by Thomas Greiss without a rebound.
11:49 of 1st period - Ryan Johansen wins face-off versus David Krejci in Oilers zone.
12:00 of 1st period - Wrist shot by Corey Perry.
12:00 of 1st period - Stopped by Cam Ward with a rebound.
12:02 of 1st period - Slapshot by Ryan Johansen.
12:02 of 1st period - Shot Blocked by David Krejci.
12:22 of 1st period - Icing by Tyler Motte.
12:23 of 1st period - Jordan Staal wins face-off versus Vernon Fiddler in Oilers zone.
12:38 of 1st period - Snap shot by Patrik Laine.
12:38 of 1st period - Deflect By Milan Lucic.
12:38 of 1st period - Stopped by Thomas Greiss without a rebound.
12:39 of 1st period - Ryan Johansen wins face-off versus Craig Smith in Oilers zone.
13:06 of 1st period - Jordan Staal is hit by Aaron Ekblad and loses puck.
13:15 of 1st period - Jordan Staal is hit by Marco Scandella and loses puck.
13:30 of 1st period - Wrist shot by David Krejci.
13:30 of 1st period - Shot Misses the Net.
13:36 of 1st period - Rasmus Ristolainen is hit by Sonny Milano and loses puck.
14:05 of 1st period - Tom Wilson is hit by Cameron Gaunce and loses puck.
14:24 of 1st period - Slapshot by Patrik Laine.
14:24 of 1st period - Shot Misses the Net.
14:26 of 1st period - Wrist shot by Milan Lucic.
14:26 of 1st period - Shot Misses the Net.
14:28 of 1st period - Snap shot by Milan Lucic.
14:28 of 1st period - Stopped by Thomas Greiss without a rebound.
14:29 of 1st period - Jordan Staal wins face-off versus Vernon Fiddler in Oilers zone.
14:45 of 1st period - Icing by Marco Scandella.
14:46 of 1st period - Vernon Fiddler wins face-off versus Riley Nash in Oilers zone.
15:00 of 1st period - Snap shot by Sonny Milano.
15:00 of 1st period - Shot Misses the Net.
15:02 of 1st period - Slapshot by Kyle Quincey.
15:02 of 1st period - Shot Blocked by Jonathan Ericsson.
15:02 of 1st period - Jonathan Ericsson from Ducks is injured at 15:02 of 1st period (Sprained Right Knee).
15:03 of 1st period - Jordan Staal wins face-off versus Ryan Johansen in Ducks zone.
15:28 of 1st period - Mikael Backlund is hit by Rasmus Ristolainen and loses puck.
16:01 of 1st period - Slapshot by Seth Jones.
16:01 of 1st period - Stopped by Cam Ward with a rebound.
16:34 of 1st period - Icing by Marco Scandella.
16:35 of 1st period - Jordan Staal wins face-off versus Chris Kelly in Oilers zone.
16:38 of 1st period - Snap shot by Jordan Staal.
16:38 of 1st period - Stopped by Thomas Greiss with a rebound.
16:40 of 1st period - Snap shot by Milan Lucic.
16:40 of 1st period - Shot Misses the Net.
16:42 of 1st period - Slapshot by Nick Leddy.
16:42 of 1st period - Shot Blocked by Chris Porter.
16:44 of 1st period - Slapshot by Jordan Staal.
16:44 of 1st period - Shot Misses the Net.
16:46 of 1st period - Wrist shot by Milan Lucic.
16:46 of 1st period - Shot Misses the Net.
16:48 of 1st period - Wrist shot by Patrik Laine.
16:48 of 1st period - Shot Blocked by Marco Scandella.
16:50 of 1st period - Slapshot by Milan Lucic.
16:50 of 1st period - Deflect By Patrik Laine.
16:50 of 1st period - Shot Misses the Net.
16:50 of 1st period - Puck is out of play.
16:51 of 1st period - Jean-Gabriel Pageau wins face-off versus Mikael Backlund in Oilers zone.
17:02 of 1st period - Slapshot by David Krejci.
17:02 of 1st period - Goal by David Krejci - Ducks : 2 - Oilers : 0.
17:03 of 1st period - Ryan Johansen wins face-off versus Jordan Staal in neutral zone.
17:13 of 1st period - Off-side.
17:14 of 1st period - Jordan Staal wins face-off versus Ryan Johansen in neutral zone.
17:25 of 1st period - Icing by Justin Abdelkader.
17:26 of 1st period - David Krejci wins face-off versus Ryan Johansen in Oilers zone.
17:47 of 1st period - Wrist shot by Corey Perry.
17:47 of 1st period - Stopped by Cam Ward with a rebound.
17:49 of 1st period - Wrist shot by Seth Jones.
17:49 of 1st period - Stopped by Cam Ward with a rebound.
17:51 of 1st period - Wrist shot by Ryan Johansen.
17:51 of 1st period - Deflect By Corey Perry.
17:51 of 1st period - Shot Blocked by Jean-Gabriel Pageau.
17:51 of 1st period - Puck is out of play.
17:52 of 1st period - Jordan Staal wins face-off versus Mikael Backlund in Ducks zone.
17:59 of 1st period - Mikael Backlund is hit by Milan Lucic and loses puck.
19:28 of 1st period - Wrist shot by Patrik Laine.
19:28 of 1st period - Stopped by Thomas Greiss without a rebound.
19:29 of 1st period - Jordan Staal wins face-off versus Chris Kelly in Oilers zone.
19:32 of 1st period - Wrist shot by Milan Lucic.
19:32 of 1st period - Shot Misses the Net.
19:34 of 1st period - Snap shot by Patrik Laine.
19:34 of 1st period - Shot Misses the Net.
19:46 of 1st period - Ryan Johansen is hit by Jordan Staal and loses puck.
Goals for this period are 2 for Ducks vs 0 for Oilers.
Shots for this period are 17 for Ducks vs 11 for Oilers.

2nd period


0:01 of 2nd period - Ryan Johansen wins face-off versus David Krejci in neutral zone.
0:10 of 2nd period - Wrist shot by Ryan Johansen.
0:10 of 2nd period - Shot Misses the Net.
0:12 of 2nd period - Slapshot by Aaron Ekblad.
0:12 of 2nd period - Shot Misses the Net.
0:14 of 2nd period - Slapshot by Aaron Ekblad.
0:14 of 2nd period - Deflect By Ryan Johansen.
0:14 of 2nd period - Stopped by Cam Ward with a rebound.
0:16 of 2nd period - Wrist shot by Corey Perry.
0:16 of 2nd period - Stopped by Cam Ward with a rebound.
0:26 of 2nd period - Seth Jones is hit by Jordan Staal and loses puck.
0:51 of 2nd period - Off-side.
0:52 of 2nd period - Riley Nash wins face-off versus Ryan Johansen in neutral zone.
1:17 of 2nd period - Pierre-Alexandre Parenteau is hit by Deryk Engelland.
1:37 of 2nd period - Aaron Ekblad is hit by Jean-Gabriel Pageau and loses puck.
2:07 of 2nd period - Off-side.
2:08 of 2nd period - Jordan Staal wins face-off versus Justin Abdelkader in neutral zone.
2:17 of 2nd period - Wrist shot by Patrik Laine.
2:17 of 2nd period - Stopped by Thomas Greiss with a rebound.
2:19 of 2nd period - Snap shot by Milan Lucic.
2:19 of 2nd period - Stopped by Thomas Greiss without a rebound.
2:20 of 2nd period - David Krejci wins face-off versus Corey Perry in Oilers zone.
3:15 of 2nd period - Slapshot by Craig Smith.
3:15 of 2nd period - Stopped by Thomas Greiss with a rebound.
3:17 of 2nd period - Snap shot by Rasmus Ristolainen.
3:17 of 2nd period - Stopped by Thomas Greiss with a rebound.
4:18 of 2nd period - Slapshot by Sonny Milano.
4:18 of 2nd period - Shot Misses the Net.
4:24 of 2nd period - Snap shot by Tyler Motte.
4:24 of 2nd period - Stopped by Cam Ward with a rebound.
4:38 of 2nd period - Riley Nash is hit by Ryan Johansen and loses puck.
5:31 of 2nd period - Snap shot by Corey Perry.
5:31 of 2nd period - Goal by Corey Perry - Ducks : 2 - Oilers : 1.
5:32 of 2nd period - Jordan Staal wins face-off versus Mikael Backlund in neutral zone.
6:05 of 2nd period - Slapshot by Ryan Johansen.
6:05 of 2nd period - Deflect By Corey Perry.
6:05 of 2nd period - Shot Misses the Net.
6:05 of 2nd period - Puck is out of play.
6:06 of 2nd period - Phillip Danault wins face-off versus Justin Abdelkader in Ducks zone.
6:57 of 2nd period - Off-side.
6:58 of 2nd period - Ryan Johansen wins face-off versus Riley Nash in neutral zone.
7:06 of 2nd period - Wrist shot by Craig Smith.
7:06 of 2nd period - Shot Blocked by Kyle Quincey.
7:32 of 2nd period - Vernon Fiddler is hit by Tom Wilson and loses puck.
7:37 of 2nd period - Wrist shot by Craig Smith.
7:37 of 2nd period - Shot Misses the Net.
7:45 of 2nd period - Snap shot by Craig Smith.
7:45 of 2nd period - Shot Misses the Net.
7:47 of 2nd period - Snap shot by Craig Smith.
7:47 of 2nd period - Shot Misses the Net.
7:49 of 2nd period - Snap shot by Craig Smith.
7:49 of 2nd period - Stopped by Thomas Greiss with a rebound.
7:51 of 2nd period - Wrist shot by Tom Wilson.
7:51 of 2nd period - Stopped by Thomas Greiss with a rebound.
7:53 of 2nd period - Snap shot by Tom Wilson.
7:53 of 2nd period - Shot Blocked by Tyler Motte.
7:55 of 2nd period - Snap shot by Riley Nash.
7:55 of 2nd period - Stopped by Thomas Greiss without a rebound.
7:56 of 2nd period - Ryan Johansen wins face-off versus Jordan Staal in Oilers zone.
7:58 of 2nd period - Minor Penalty to Corey Perry for Tripping.
7:59 of 2nd period - Jordan Staal wins face-off versus Ryan Johansen in Oilers zone.
8:13 of 2nd period - Snap shot by Patrik Laine.
8:13 of 2nd period - Shot Blocked by Ryan Johansen.
8:15 of 2nd period - Backhand shot by Jack Johnson.
8:15 of 2nd period - Shot Blocked by Mikael Backlund.
9:58 of 2nd period - Penalty to Corey Perry is over, Corey Perry is back on ice.
10:07 of 2nd period - Minor Penalty to Phillip Danault for Roughing.
10:08 of 2nd period - Jean-Gabriel Pageau wins face-off versus Ryan Johansen in Ducks zone.
11:32 of 2nd period - Kyle Quincey is hit by Tommy Wingels and loses puck.
12:07 of 2nd period - Penalty to Phillip Danault is over, Phillip Danault is back on ice.
12:18 of 2nd period - Tyler Motte is hit by Patrik Laine and loses puck.
12:25 of 2nd period - Slapshot by Tyler Motte.
12:25 of 2nd period - Shot Misses the Net.
12:42 of 2nd period - Icing by Connor Carrick.
12:43 of 2nd period - Vernon Fiddler wins face-off versus Cody McLeod in Ducks zone.
12:46 of 2nd period - Snap shot by Tyler Motte.
12:46 of 2nd period - Stopped by Cam Ward without a rebound.
12:47 of 2nd period - Trevor Lewis wins face-off versus Tyler Motte in Ducks zone.
12:54 of 2nd period - Snap shot by Sonny Milano.
12:54 of 2nd period - Shot Misses the Net.
13:12 of 2nd period - Aaron Ekblad is hit by Jordan Staal and loses puck.
14:11 of 2nd period - Slapshot by David Krejci.
14:11 of 2nd period - Shot Blocked by Kyle Quincey.
14:31 of 2nd period - Snap shot by David Krejci.
14:31 of 2nd period - Deflect By Phillip Danault.
14:31 of 2nd period - Stopped by Thomas Greiss with a rebound.
15:18 of 2nd period - Slapshot by Rasmus Ristolainen.
15:18 of 2nd period - Stopped by Thomas Greiss without a rebound.
15:19 of 2nd period - Jordan Staal wins face-off versus Pierre-Alexandre Parenteau in Oilers zone.
15:44 of 2nd period - Tyler Motte is hit by Tom Wilson and loses puck.
17:04 of 2nd period - Icing by Jordan Staal.
17:05 of 2nd period - Chris Kelly wins face-off versus Riley Nash in Ducks zone.
17:22 of 2nd period - Pierre-Alexandre Parenteau is hit by Cody McLeod and loses puck.
18:08 of 2nd period - Aaron Ekblad is hit by Trevor Lewis and loses puck.
18:32 of 2nd period - Icing by Jordan Eberle.
18:33 of 2nd period - Jordan Staal wins face-off versus Mikael Backlund in Oilers zone.
19:14 of 2nd period - Snap shot by Riley Nash.
19:14 of 2nd period - Shot Misses the Net.
19:46 of 2nd period - Chris Porter is hit by Milan Lucic and loses puck.
19:57 of 2nd period - Minor Penalty to Marco Scandella for Roughing.
19:58 of 2nd period - Ryan Johansen wins face-off versus Jordan Staal in Oilers zone.
Goals for this period are 0 for Ducks vs 1 for Oilers.
Shots for this period are 9 for Ducks vs 5 for Oilers.

3rd period


0:01 of 3rd period - Jordan Staal wins face-off versus Ryan Johansen in neutral zone.
0:05 of 3rd period - Off-side.
0:06 of 3rd period - Jordan Staal wins face-off versus Ryan Johansen in neutral zone.
0:22 of 3rd period - Off-side.
0:23 of 3rd period - Ryan Johansen wins face-off versus Jordan Staal in neutral zone.
0:32 of 3rd period - Seth Jones is hit by Jordan Staal and loses puck.
1:40 of 3rd period - Snap shot by Justin Abdelkader.
1:40 of 3rd period - Stopped by Cam Ward without a rebound.
1:41 of 3rd period - Tyler Motte wins face-off versus David Krejci in Ducks zone.
1:44 of 3rd period - Slapshot by Justin Abdelkader.
1:44 of 3rd period - Deflect By Nick Leddy.
1:44 of 3rd period - Stopped by Cam Ward without a rebound.
1:45 of 3rd period - Tyler Motte wins face-off versus David Krejci in Ducks zone.
1:57 of 3rd period - Penalty to Marco Scandella is over, Marco Scandella is back on ice.
2:54 of 3rd period - Craig Smith is hit by Tyler Motte and loses puck.
3:05 of 3rd period - Jean-Gabriel Pageau is hit by Justin Abdelkader and loses puck.
3:30 of 3rd period - Slapshot by Patrik Laine.
3:30 of 3rd period - Stopped by Thomas Greiss without a rebound.
3:31 of 3rd period - Ryan Johansen wins face-off versus Jordan Staal in Oilers zone.
3:36 of 3rd period - Snap shot by Corey Perry.
3:36 of 3rd period - Shot Blocked by Jack Johnson.
3:56 of 3rd period - Jean-Gabriel Pageau is hit by Jordan Eberle and loses puck.
4:05 of 3rd period - Snap shot by Mikael Backlund.
4:05 of 3rd period - Shot Misses the Net.
4:26 of 3rd period - Rasmus Ristolainen is hit by Sonny Milano and loses puck.
4:42 of 3rd period - Slapshot by Kyle Quincey.
4:42 of 3rd period - Shot Blocked by Cody McLeod.
4:44 of 3rd period - Slapshot by Marco Scandella.
4:44 of 3rd period - Stopped by Cam Ward with a rebound.
4:46 of 3rd period - Slapshot by Marco Scandella.
4:46 of 3rd period - Stopped by Cam Ward with a rebound.
4:48 of 3rd period - Snap shot by Corey Perry.
4:48 of 3rd period - Shot Misses the Net.
4:50 of 3rd period - Backhand shot by Marco Scandella.
4:50 of 3rd period - Shot Blocked by Trevor Lewis.
5:16 of 3rd period - Slapshot by Jack Johnson.
5:16 of 3rd period - Stopped by Thomas Greiss without a rebound.
5:17 of 3rd period - Chris Kelly wins face-off versus David Krejci in Oilers zone.
5:31 of 3rd period - Double Minor Penalty to Zbynek Michalek for High sticking.
5:32 of 3rd period - Ryan Johansen wins face-off versus Patrik Laine in Oilers zone.
5:45 of 3rd period - Off-side.
5:46 of 3rd period - Ryan Johansen wins face-off versus Jordan Staal in neutral zone.
5:54 of 3rd period - Off-side.
5:55 of 3rd period - Ryan Johansen wins face-off versus Jordan Staal in neutral zone.
6:24 of 3rd period - Snap shot by Milan Lucic.
6:24 of 3rd period - Stopped by Thomas Greiss without a rebound.
6:25 of 3rd period - David Krejci wins face-off versus Ryan Johansen in Oilers zone.
9:31 of 3rd period - Penalty to Zbynek Michalek is over, Zbynek Michalek is back on ice.
9:36 of 3rd period - Wrist shot by Tommy Wingels.
9:36 of 3rd period - Shot Misses the Net.
9:38 of 3rd period - Snap shot by Trevor Lewis.
9:38 of 3rd period - Deflect By Cody McLeod.
9:38 of 3rd period - Shot Blocked by Zbynek Michalek.
9:38 of 3rd period - Puck is out of play.
9:39 of 3rd period - Vernon Fiddler wins face-off versus Trevor Lewis in Oilers zone.
9:39 of 3rd period - Vernon Fiddler is hit by Trevor Lewis.
9:49 of 3rd period - Tyler Motte is hit by Connor Carrick and loses puck.
10:04 of 3rd period - Seth Jones is hit by Phillip Danault and loses puck.
11:46 of 3rd period - Corey Perry is hit by Milan Lucic and loses puck.
12:55 of 3rd period - Marco Scandella is hit by Jean-Gabriel Pageau and loses puck.
13:37 of 3rd period - Ryan Johansen is hit by Tommy Wingels and loses puck.
13:52 of 3rd period - Snap shot by Seth Jones.
13:52 of 3rd period - Shot Misses the Net.
13:54 of 3rd period - Snap shot by Chris Porter.
13:54 of 3rd period - Stopped by Cam Ward with a rebound.
14:08 of 3rd period - Jack Johnson is hit by Jordan Eberle and loses puck.
14:19 of 3rd period - Slapshot by Jack Johnson.
14:19 of 3rd period - Shot Blocked by Seth Jones.
14:21 of 3rd period - Wrist shot by Phillip Danault.
14:21 of 3rd period - Stopped by Thomas Greiss with a rebound.
14:25 of 3rd period - Snap shot by Phillip Danault.
14:25 of 3rd period - Shot Misses the Net.
14:27 of 3rd period - Wrist shot by David Krejci.
14:27 of 3rd period - Stopped by Thomas Greiss without a rebound.
14:28 of 3rd period - Jordan Staal wins face-off versus Ryan Johansen in Oilers zone.
14:29 of 3rd period - Snap shot by Milan Lucic.
14:29 of 3rd period - Shot Misses the Net.
14:37 of 3rd period - Snap shot by Ryan Johansen.
14:37 of 3rd period - Stopped by Cam Ward with a rebound.
14:47 of 3rd period - Marco Scandella is hit by David Krejci.
14:53 of 3rd period - Snap shot by Mikael Backlund.
14:53 of 3rd period - Shot Blocked by Nick Leddy.
15:00 of 3rd period - Icing by Nick Leddy.
15:01 of 3rd period - Riley Nash wins face-off versus Vernon Fiddler in Ducks zone.
15:11 of 3rd period - Snap shot by Sonny Milano.
15:11 of 3rd period - Stopped by Cam Ward with a rebound.
15:13 of 3rd period - Snap shot by Vernon Fiddler.
15:13 of 3rd period - Shot Misses the Net.
15:15 of 3rd period - Wrist shot by Tyler Motte.
15:15 of 3rd period - Shot Blocked by Nick Leddy.
15:57 of 3rd period - Wrist shot by Mikael Backlund.
15:57 of 3rd period - Stopped by Cam Ward without a rebound.
15:58 of 3rd period - Ryan Johansen wins face-off versus Riley Nash in Ducks zone.
16:34 of 3rd period - Pierre-Alexandre Parenteau is hit by Deryk Engelland and loses puck.
16:55 of 3rd period - Sonny Milano is hit by Connor Carrick and loses puck.
17:12 of 3rd period - Snap shot by Marco Scandella.
17:12 of 3rd period - Deflect By Tom Wilson.
17:12 of 3rd period - Stopped by Cam Ward with a rebound.
17:37 of 3rd period - Snap shot by Patrik Laine.
17:37 of 3rd period - Stopped by Thomas Greiss without a rebound.
17:38 of 3rd period - Ryan Johansen wins face-off versus Jordan Staal in Oilers zone.
17:42 of 3rd period - Aaron Ekblad is hit by Rasmus Ristolainen and loses puck.
18:18 of 3rd period - Slapshot by Rasmus Ristolainen.
18:18 of 3rd period - Shot Blocked by Justin Abdelkader.
18:36 of 3rd period - Wrist shot by Corey Perry.
18:36 of 3rd period - Stopped by Cam Ward with a rebound.
19:00 of 3rd period - Snap shot by Patrik Laine.
19:00 of 3rd period - Stopped by Thomas Greiss without a rebound.
19:01 of 3rd period - Jon Cooper call a timeout for Oilers.
19:01 of 3rd period - Phillip Danault wins face-off versus Vernon Fiddler in Oilers zone.
19:30 of 3rd period - Oilers, Thomas Greiss is pulled from the net.
19:42 of 3rd period - Wrist shot by Chris Kelly.
19:42 of 3rd period - Shot Misses the Net.
19:44 of 3rd period - Wrist shot by Tyler Motte.
19:44 of 3rd period - Shot Misses the Net.
19:46 of 3rd period - Slapshot by Chris Kelly.
19:46 of 3rd period - Stopped by Cam Ward with a rebound.
19:48 of 3rd period - Snap shot by Vernon Fiddler.
19:48 of 3rd period - Shot Misses the Net.
19:50 of 3rd period - Snap shot by Chris Kelly.
19:50 of 3rd period - Shot Blocked by Phillip Danault.
19:52 of 3rd period - Wrist shot by Seth Jones.
19:52 of 3rd period - Stopped by Cam Ward with a rebound.
Goals for this period are 0 for Ducks vs 0 for Oilers.
Shots for this period are 7 for Ducks vs 12 for Oilers.